 Dungeon Crawl Stone Soup version 0.22-b1-59-g0aedee7 (webtiles) character file.

95 Lilu the Conjurer (level 4, -7/24 HPs)
             Began as a Deep Elf Conjurer on Aug 9, 2018.
             Engulfed by a cloud of flame (31 damage)
             ... on level 3 of the Dungeon.
             The game lasted 00:05:46 (1781 turns).

Lilu the Conjurer (Deep Elf Conjurer)               Turns: 1781, Time: 00:05:46

Health: -7/24      AC:  4    Str:  8    XL:     4   Next: 40%
Magic:  10/10      EV: 13    Int: 20    God:
Gold:   159        SH:  0    Dex: 15    Spells: 2/9 levels left

rFire    . . .     SeeInvis .   b - +0 club
rCold    . . .     Gourm    .   (no shield)
rNeg     . . .     Faith    .   a - +0 robe
rPois    .         Spirit   .   t - +0 helmet
rElec    .         Reflect  .   (no cloak)
rCorr    .         Harm     .   v - +0 pair of gloves
MR       .....                  (no boots)
Stlth    ++........             (no amulet)
HPRegen  0.08/turn              q - +2 ring of strength
MPRegen  0.12/turn              (no ring)

@: no status effects
A: no striking features
a: no special abilities


You were on level 3 of the Dungeon.
You were hungry.

You visited 1 branch of the dungeon, and saw 3 of its levels.

You collected 159 gold pieces.

Inventory:

Hand Weapons
 b - a +0 club (weapon)
Missiles
 e - 61 sling bullets
Armour
 a - a +0 robe (worn)
 t - a +0 helmet (worn)
 v - a +0 pair of gloves (worn)
Jewellery
 q - a +2 ring of strength (left hand)
Scrolls
 f - 3 scrolls of identify {unknown}
 g - a scroll of fog {unknown}
 i - 2 scrolls of magic mapping {unknown}
 j - 5 scrolls of remove curse {unknown}
 k - 3 scrolls of amnesia {unknown}
 m - a scroll of teleportation {unknown}
 p - a scroll of enchant weapon {unknown}
 s - a scroll of immolation {unknown}
Potions
 h - 3 potions of haste {unknown}
 l - 2 potions of agility {unknown}
 n - a potion of berserk rage {unknown}
 o - a potion of cancellation {unknown}
 r - a potion of flight {unknown}
 u - a potion of curing {unknown}
Comestibles
 c - 4 rations


   Skills:
 - Level 2.4 Dodging
 - Level 2.4 Stealth
 - Level 3.0 Spellcasting
 + Level 6.5 Conjurations


You had 2 spell levels left.
You knew the following spells:

 Your Spells              Type           Power        Failure   Level  Hunger
a - Magic Dart            Conj           ####         1%          1    None
b - Searing Ray           Conj           ####..       1%          2    ##.....
c - Iskenderun's Mystic   Conj           ####....     10%         4    ####...

Your spell library contained the following spells:

 Spells                   Type           Power        Failure   Level  Hunger
 Fulminant Prism          Conj/Hex       ###.......   36%         4    ####...
 Dazzling Spray           Conj/Hex       ###...       11%         3    ###....
 Force Lance              Conj/Tloc      ###.....     36%         4    ####...


Dungeon Overview and Level Annotations

Branches:
Dungeon (3/15)

Altars:
Hepliaklqana
Vehumet
Wu Jian
Yredelemnul
The Shining One


Message History

Aiming: Magic Dart (safe; 1% risk of failure)
Press: ? - help, Shift-Dir - straight line, f/p - giant cockroach
Aim: a giant cockroach (moderately wounded, clinging)
The magic dart hits the giant cockroach.
You kill the giant cockroach!
i - 2 scrolls labeled SARIAT GITZE (gained 1)
Found a basalt altar of Yredelemnul.
There is a basalt altar of Yredelemnul here.
There is a stone staircase leading up here.
You are feeling hungry.
You see here a leopard gecko skeleton.
Partly explored, can't reach some places.
Partly explored, can't reach some places.
Partly explored, can't reach some places.
You see here a leopard gecko skeleton.
There is a stone staircase leading up here.
Really walk into a travel-excluded area?
You are engulfed in blazing flames.
Ouch! That really hurt!
You die...

###########.....#####.#..#.#
##>## #.........<....#.#
#8...8##....######.##.#.#
#.....##......# #....#.#
#8.....8#......# ######.#
##.....#####...# #.# #8...8#
#.....#### #.# #.#......#
#.# #...@§.#.# #.#
#..§.§.#.## #.####
#..._.....# ##.##.#
#..§§.§...# #.....#
#..........########.#
...#######.........#.# ####
#########.#.# #....#.#.#
#.#......#


There were no monsters in sight!

Vanquished Creatures
  3 adders
  2 dart slugs (D:1)
  3 worms (D:2)
  2 leopard geckos
  5 giant cockroaches
  9 goblins
  5 hobgoblins
  2 quokkas
  A ball python (D:1)
  4 bats
  5 frilled lizards
  6 kobolds
  8 rats
55 creatures vanquished.

Notes
Turn   | Place    | Note
-------+----------+-------------------------------------------
     0 | D:1      | Lilu the Deep Elf Conjurer began the quest for the Orb.
     0 | D:1      | Reached XP level 1. HP: 10/10 MP: 6/6
   102 | D:1      | Reached XP level 2. HP: 15/15 MP: 5/8
   185 | D:1      | Reached skill level 5 in Conjurations
   599 | D:1      | Reached XP level 3. HP: 19/19 MP: 6/9
   804 | D:2      | Learned a level 2 spell: Searing Ray
   991 | D:2      | Reached skill level 6 in Conjurations
  1007 | D:2      | Found an ornate altar of the Wu Jian Council.
  1154 | D:2      | Found a hazy altar of Hepliaklqana.
  1231 | D:2      | Reached XP level 4. HP: 24/24 MP: 7/10
  1237 | D:2      | Learned a level 4 spell: Iskenderun's Mystic Blast
  1324 | D:2      | Found a glowing golden altar of the Shining One.
  1564 | D:3      | Found a radiant altar of Vehumet.
  1662 | D:3      | Found a basalt altar of Yredelemnul.
  1781 | D:3      | Engulfed by a cloud of flame

Skill      XL: |  1  2  3 |
---------------+----------+-----
Conjurations   | 5 6 |  6.5
Dodging        | |  2.4
Stealth        | |  2.4
Spellcasting   | |  3.0

Action                   |  1- 3 |  4- 6 || total
-------------------------+-------+-------++-------
Melee: Unarmed           |    12 |       ||    12
       Club              |     4 |     1 ||     5
 Cast: Magic Dart        |    70 |    14 ||    84
       Searing Ray       |     3 |     1 ||     4
 Stab: Sleeping          |       |     1 ||     1
  Eat: Chunk             |     1 |     1 ||     2
Armor: Robe              |     6 |       ||     6
Dodge: Dodged            |    21 |       ||    21
